[Event "December 5 Early 2023"]
[Site "https://www.chess.com"]
[Date "2023.12.05"]
[Round "4"]
[White "Manon-og, Ramon Jr."]
[Black "Waldhausen Gordon, Frederick"]
[Result "1-0"]
[Board "151"]
[TimeControl "180+1"]
[WhiteFideId "5200776"]
[BlackFideId "2409143"]
[WhiteElo "2375"]
[BlackElo "2538"]
[WhiteTeam "PHI"]
[BlackTeam "SCO"]
[WhiteClock "0:00:17"]
[BlackClock "0:00:03"]

1. e4 c5 2. Nf3 Nc6 3. Bb5 g6 4. O-O Bg7 5. Qe2 e5 6. c3 Nge7 7. Rd1 O-O 8. d3 d5 9. exd5 Qxd5 10. Bg5 f6 11. Bc4 fxg5 12. Bxd5+ Nxd5 13. Nxg5 Nf4 14. Qe3 b6 15. Nd2 Bb7 16. Nde4 Rad8 17. g3 Nd5 18. Qe2 Bc8 19. Nd2 Nce7 20. Nc4 h6 21. Ne4 Bh3 22. Re1 Nc6 23. Rad1 h5 24. Ne3 Bh6 25. Nxd5 Rxd5 26. Qc2 Rd7 27. Qa4 Rc7 28. Nd6 Kh7 29. Nc4 Rf5 30. Nd6 Rf8 31. Nc4 Rf5 32. Qc2 Bg4 33. Ra1 Bh3 34. Ne3 Rf3 35. Nd5 Rcf7 36. Re2 h4 37. Rae1 Bd7 38. b4 Be6 39. b5 Bxd5 40. bxc6 Bxc6 41. Rxe5 Bf8 42. R5e3 R3f5 43. d4 Bd6 44. Re6 Rd7 45. g4 Rg5 46. h3 Bd5 47. Re8 Rf7 48. Qd2 Bf4 49. Qd3 c4 50. Qe2 Bd6 51. Rd8 Rf6 52. Qe8 Rf3 53. Rxd6 1-0

[Event "December 5 Early 2023"]
[Site "https://www.chess.com"]
[Date "2023.12.05"]
[Round "4"]
[White "Grutter, Tim"]
[Black "Garrido, Denis"]
[Result "0-1"]
[Board "152"]
[TimeControl "180+1"]
[WhiteFideId "1057472"]
[BlackFideId "601217"]
[WhiteElo "2537"]
[BlackElo "2374"]
[WhiteTeam "NED"]
[BlackTeam "FRA"]
[WhiteClock "0:00:02"]
[BlackClock "0:00:52"]

1. b3 e5 2. Bb2 Nc6 3. Nf3 e4 4. Ne5 Nxe5 5. Bxe5 Nf6 6. g3 d5 7. Bg2 Bd6 8. Bb2 h5 9. c4 dxc4 10. bxc4 Qe7 11. Nc3 c6 12. Qc2 Bf5 13. O-O-O b5 14. d3 O-O 15. Nxe4 Nxe4 16. dxe4 Be6 17. cxb5 cxb5 18. Kb1 Rac8 19. Qd3 Rfd8 20. e5 Bxe5 21. Qe3 Bxb2 22. Rxd8+ Rxd8 23. Kxb2 Qb4+ 24. Ka1 Rd2 0-1

[Event "December 5 Early 2023"]
[Site "https://www.chess.com"]
[Date "2023.12.05"]
[Round "4"]
[White "Tymrakiewicz, Rafal"]
[Black "Khamdamova, Afruza"]
[Result "1-0"]
[Board "153"]
[TimeControl "180+1"]
[WhiteFideId "1108832"]
[BlackFideId "14210444"]
[WhiteElo "2373"]
[BlackElo "2536"]
[WhiteTeam "POL"]
[BlackTeam "UZB"]
[WhiteClock "0:02:00"]
[BlackClock "0:00:28"]

1. d4 Nf6 2. Bg5 Ne4 3. Bf4 d5 4. e3 c5 5. Bd3 cxd4 6. exd4 Nc6 7. c3 e6 8. Nd2 Nxd2 9. Qxd2 Bd6 10. Nf3 Qc7 11. Bxd6 Qxd6 12. O-O O-O 13. Rae1 h6 14. Re3 Ne7 15. Rfe1 Bd7 16. Ne5 a6 17. Rg3 Kh8 18. Qf4 Nf5 19. Bxf5 Qe7 20. Bd3 Bb5 21. Qg4 Rg8 22. Bb1 Raf8 23. Ng6+ fxg6 24. Qxg6 1-0

[Event "December 5 Early 2023"]
[Site "https://www.chess.com"]
[Date "2023.12.05"]
[Round "4"]
[White "Batbold, Nyamsuren"]
[Black "Chylewski, Patryk"]
[Result "1-0"]
[Board "154"]
[TimeControl "180+1"]
[WhiteFideId "4903331"]
[BlackFideId "1186191"]
[WhiteElo "2371"]
[BlackElo "2536"]
[WhiteTeam "MGL"]
[BlackTeam "POL"]
[WhiteClock "0:00:27"]
[BlackClock "0:00:07"]

1. d4 Nf6 2. c4 g6 3. Nc3 d5 4. cxd5 Nxd5 5. e4 Nxc3 6. bxc3 Bg7 7. Bc4 c5 8. Ne2 Nc6 9. Be3 O-O 10. O-O Bg4 11. f3 Na5 12. Bxf7+ Rxf7 13. fxg4 Rxf1+ 14. Qxf1 Nc4 15. Bf2 Nd2 16. Qd1 Nxe4 17. Qb3+ Kh8 18. Qxb7 Nxf2 19. Kxf2 cxd4 20. cxd4 Bxd4+ 21. Nxd4 Qxd4+ 22. Kg3 Qe5+ 23. Kh3 Rd8 24. Rf1 a5 25. Rf7 Qe3+ 26. Qf3 Qh6+ 27. Kg3 e5 28. Qf6+ Kg8 29. Qxd8+ Kxf7 30. Qc7+ Kg8 31. Qxe5 Qd2 32. Qe6+ Kg7 33. Qb3 Qd6+ 34. Kh3 Qc7 35. g3 Qc5 36. Qd3 Kg8 37. Kh4 Qc7 38. g5 Qc5 39. Qe4 Kg7 40. Kg4 Qc7 41. h4 Qc8+ 42. Kf4 Qc7+ 43. Qe5+ Qxe5+ 44. Kxe5 Kf7 45. Kd6 a4 46. a3 Ke8 47. Ke6 Kf8 48. Kf6 Kg8 49. g4 Kf8 50. Ke6 Kg8 51. Kd5 Kf7 52. Kc5 Ke6 53. Kb4 Ke5 54. Kxa4 Kf4 55. Kb5 Kxg4 56. a4 Kxh4 57. a5 Kxg5 58. a6 h5 59. a7 h4 60. a8=Q h3 61. Qh1 Kg4 62. Kc4 Kg3 63. Kd3 g5 64. Ke2 g4 65. Ke3 Kh4 66. Kf4 g3 67. Qd5 h2 68. Qg5+ Kh3 69. Qxg3# 1-0

[Event "December 5 Early 2023"]
[Site "https://www.chess.com"]
[Date "2023.12.05"]
[Round "4"]
[White "Gavrilov, Maxim"]
[Black "Kleibel, Uwe"]
[Result "1-0"]
[Board "155"]
[TimeControl "180+1"]
[WhiteFideId "24271454"]
[BlackFideId "1270982"]
[WhiteElo "2535"]
[BlackElo "2371"]
[WhiteTeam "RUS"]
[BlackTeam "GER"]
[WhiteClock "0:00:14"]
[BlackClock "0:00:07"]

1. d4 d5 2. c4 e6 3. Nc3 Nf6 4. cxd5 exd5 5. Bg5 Be7 6. e3 O-O 7. Bd3 Re8 8. Qc2 h6 9. Bh4 c5 10. Nge2 Nc6 11. dxc5 d4 12. exd4 Nxd4 13. Nxd4 Qxd4 14. Bxf6 Bxf6+ 15. Ne2 Qxb2 16. Qxb2 Bxb2 17. Rb1 Bd4 18. Rc1 Bg4 19. f3 Bd7 20. Be4 Bf6 21. Bxb7 Rab8 22. c6 Bf5 23. Kf2 Bd3 24. Rhe1 Bb2 25. c7 Bxc1 26. Nxc1 Rbc8 27. Rxe8+ 1-0

[Event "December 5 Early 2023"]
[Site "https://www.chess.com"]
[Date "2023.12.05"]
[Round "4"]
[White "Melikhov, Evgeny V."]
[Black "Ozates, Tuna"]
[Result "0-1"]
[Board "156"]
[TimeControl "180+1"]
[WhiteFideId "4122046"]
[BlackFideId "6354521"]
[WhiteElo "2366"]
[BlackElo "2532"]
[WhiteTeam "GRE"]
[BlackTeam "TUR"]
[WhiteClock "0:00:04"]
[BlackClock "0:01:43"]

1. d4 Nf6 2. c4 e6 3. Nc3 d5 4. cxd5 exd5 5. Bg5 c6 6. Qc2 g6 7. e3 Bf5 8. Qb3 b6 9. Nf3 Be7 10. Be2 O-O 11. O-O Nbd7 12. h3 Ne4 13. Bh6 Re8 14. Bf4 Ndf6 15. Ne5 Qc8 16. f3 Nd2 17. Qd1 Nxf1 18. Qxf1 Nh5 19. Bh2 Be6 20. Rc1 Bg5 21. Kf2 f6 22. Ba6 Qb8 23. Ng4 Bxe3+ 24. Nxe3 Qxh2 25. Bb7 Qd6 26. Bxa8 Rxa8 27. Kg1 Re8 28. Re1 Nf4 29. Qf2 Nd3 30. Qd2 Nxe1 31. Qxe1 Bd7 32. Qd2 Qf4 33. Ncd1 f5 34. Qd3 Qd6 35. a3 Qe7 36. b4 f4 37. Nc2 Bf5 38. Qd2 Qe2 0-1

[Event "December 5 Early 2023"]
[Site "https://www.chess.com"]
[Date "2023.12.05"]
[Round "4"]
[White "Kolmagorov, Alexey"]
[Black "Silva Lucena, Cristian"]
[Result "0-1"]
[Board "157"]
[TimeControl "180+1"]
[WhiteFideId "34129402"]
[BlackFideId "2232588"]
[WhiteElo "2360"]
[BlackElo "2530"]
[WhiteTeam "RUS"]
[BlackTeam "ESP"]
[WhiteClock "0:00:01"]
[BlackClock "0:00:10"]

1. d4 d5 2. c4 e6 3. g3 c6 4. Bg2 dxc4 5. Nf3 b5 6. a4 Bb7 7. O-O Nd7 8. e4 a6 9. Qe2 Ngf6 10. Rd1 Be7 11. Nc3 O-O 12. e5 Nd5 13. Ne4 c5 14. Bg5 cxd4 15. Bxe7 Qxe7 16. Rxd4 Nc5 17. Nd6 Nb3 18. Rad1 Nxd4 19. Rxd4 f5 20. Qd2 Rfd8 21. Ng5 Rxd6 22. exd6 Qxd6 23. Nxe6 Qxe6 24. Bxd5 Bxd5 25. Rxd5 Rb8 26. Rd6 Qe4 27. a5 Re8 28. Rd8 Rxd8 29. Qxd8+ Kf7 30. Qd7+ Kf6 31. Qd8+ Qe7 32. Qd4+ Qe5 33. Qb6+ Qe6 34. Qd8+ Kg6 35. h4 h6 36. Qd1 b4 37. h5+ Kh7 38. Qf3 b3 39. Qc3 Qd5 40. Qb4 Qd1+ 41. Kh2 Qxh5+ 42. Kg1 Qd1+ 43. Kh2 Qd5 44. Qb6 Qf3 45. Kg1 h5 46. Qxa6 c3 47. bxc3 b2 48. Qb5 Qd1+ 49. Kh2 b1=Q 50. Qxb1 Qxb1 51. a6 Qb6 0-1

[Event "December 5 Early 2023"]
[Site "https://www.chess.com"]
[Date "2023.12.05"]
[Round "4"]
[White "Buscar, Michael"]
[Black "Pham, Le Thao Nguyen"]
[Result "0-1"]
[Board "158"]
[TimeControl "180+1"]
[WhiteFideId "2603616"]
[BlackFideId "12401226"]
[WhiteElo "2350"]
[BlackElo "2529"]
[WhiteTeam "CAN"]
[BlackTeam "VIE"]
[WhiteClock "0:00:08"]
[BlackClock "0:00:42"]

1. d4 Nf6 2. c4 e6 3. Nc3 Bb4 4. e3 O-O 5. Bd3 b6 6. Ne2 Re8 7. O-O Bb7 8. f3 d5 9. e4 c5 10. e5 cxd4 11. exf6 dxc3 12. fxg7 dxc4 13. Bxc4 Qxd1 14. Rxd1 c2 15. Rf1 Nd7 16. Bb5 Red8 17. Bg5 f6 18. Bxd7 Rxd7 19. Bxf6 Ba6 20. Nd4 Bxf1 21. Kxf1 Rc8 22. Rc1 Rxd4 23. Bxd4 Bd2 0-1

[Event "December 5 Early 2023"]
[Site "https://www.chess.com"]
[Date "2023.12.05"]
[Round "4"]
[White "Mohammed, Zozek Salah Mohammed"]
[Black "Baziuk, Vladyslav"]
[Result "0-1"]
[Board "159"]
[TimeControl "180+1"]
[WhiteFideId "4803361"]
[BlackFideId "34107940"]
[WhiteElo "2340"]
[BlackElo "2529"]
[WhiteTeam "IRQ"]
[BlackTeam "UKR"]
[WhiteClock "0:00:15"]
[BlackClock "0:00:33"]

1. d4 Nf6 2. Nf3 d5 3. g3 e6 4. Bg2 Be7 5. O-O O-O 6. c4 dxc4 7. Qc2 b5 8. Ne5 c6 9. Nxc6 Nxc6 10. Bxc6 Rb8 11. Bf4 Bd6 12. Be5 Qc7 13. Bxf6 Qxc6 14. Be5 Bxe5 15. dxe5 Bb7 16. f3 Qc5+ 17. Kg2 Qxe5 18. Nc3 Rfd8 19. Rad1 a6 20. e4 h6 21. Ne2 g6 22. a4 h5 23. axb5 axb5 24. Nf4 Kg7 25. Rd2 Rxd2+ 26. Qxd2 Bc6 27. Rd1 b4 28. Qc2 c3 29. b3 h4 30. Nd3 Qh5 31. Nxb4 h3+ 32. Kf2 Qc5+ 0-1

[Event "December 5 Early 2023"]
[Site "https://www.chess.com"]
[Date "2023.12.05"]
[Round "4"]
[White "Derjabin, Ilja"]
[Black "Georg, Heinz"]
[Result "0-1"]
[Board "160"]
[TimeControl "180+1"]
[WhiteFideId "14104768"]
[BlackFideId "4607295"]
[WhiteElo "2527"]
[BlackElo "2337"]
[WhiteTeam "UKR"]
[BlackTeam "GER"]
[WhiteClock "0:01:00"]
[BlackClock "0:01:03"]

1. d4 f5 2. e4 fxe4 3. f3 d5 4. Nc3 Nf6 5. Bg5 Bf5 6. Qd2 Nc6 7. O-O-O e6 8. g4 Bg6 9. Nh3 Bb4 10. Nf4 Qd7 11. Nxg6 hxg6 12. a3 Bxc3 13. Qxc3 exf3 14. Qxf3 Ne4 15. Be3 Rf8 16. Qg2 O-O-O 17. Bd3 Nf6 18. Bxg6 Kb8 19. h4 e5 20. g5 Ng4 21. Bg1 exd4 22. Bxd4 Nxd4 23. Rxd4 Ne5 24. Be4 c6 25. Re1 Qe6 26. Bd3 Nxd3+ 27. Rxd3 Qxe1+ 28. Rd1 Qe3+ 29. Kb1 Rde8 30. h5 Rf2 31. Qg4 Qe2 0-1

[Event "December 5 Early 2023"]
[Site "https://www.chess.com"]
[Date "2023.12.05"]
[Round "4"]
[White "Baches Garcia, Guillermo"]
[Black "Kozelov, Roman"]
[Result "1/2-1/2"]
[Board "161"]
[TimeControl "180+1"]
[WhiteFideId "2209764"]
[BlackFideId "14133377"]
[WhiteElo "2527"]
[BlackElo "2433"]
[WhiteTeam "ESP"]
[BlackTeam "UKR"]
[WhiteClock "0:00:30"]
[BlackClock "0:01:16"]

1. d4 d5 2. Nf3 Nf6 3. Bg5 e6 4. Nbd2 Be7 5. e3 O-O 6. Bd3 b6 7. c3 Ba6 8. Bxa6 Nxa6 9. Ne5 Nb8 10. f4 c5 11. O-O Ne8 12. Bxe7 Qxe7 13. Qh5 Nd6 14. Rf3 Nd7 15. Rh3 Nf6 16. Qh4 Nf5 17. Qf2 Nd7 18. g4 Nd6 19. Nc6 Qe8 20. Qh4 h6 21. Ne5 f5 22. g5 Nxe5 23. fxe5 Nf7 24. Nf3 Qd8 25. gxh6 Qxh4 26. Rxh4 gxh6 27. Kf2 Kh7 28. Rh3 Rg8 29. Rg3 Rxg3 30. hxg3 Rg8 31. Rh1 Ng5 32. Nxg5+ Rxg5 33. Kf3 Kg6 34. Rh4 h5 35. a3 Rg4 36. Rxg4+ hxg4+ 37. Kf2 cxd4 38. cxd4 Kf7 39. b4 Ke7 40. b5 Kf7 41. a4 1/2-1/2

[Event "December 5 Early 2023"]
[Site "https://www.chess.com"]
[Date "2023.12.05"]
[Round "4"]
[White "Gerbelli Neto, Eduardo"]
[Black "Dauner, Benedikt"]
[Result "0-1"]
[Board "162"]
[TimeControl "180+1"]
[WhiteFideId "2103281"]
[BlackFideId "16225899"]
[WhiteElo "2328"]
[BlackElo "2524"]
[WhiteTeam "BRA"]
[BlackTeam "GER"]
[WhiteClock "0:00:44"]
[BlackClock "0:01:03"]

1. e4 c5 2. Nc3 a6 3. f4 b5 4. g3 Bb7 5. Bg2 e6 6. d3 h5 7. Nh3 Nf6 8. O-O Ng4 9. f5 e5 10. Bg5 Be7 11. Bxe7 Qxe7 12. Nd5 Bxd5 13. exd5 d6 14. Qe2 Nd7 15. c4 Qf6 16. Nf2 Nxf2 17. Rxf2 h4 18. g4 Qg5 19. h3 f6 20. cxb5 axb5 21. d4 b4 22. dxc5 Nxc5 23. Qb5+ Ke7 24. Qxb4 Rhb8 25. Qd2 Qxd2 26. Rxd2 Nb3 27. Rdd1 Nxa1 28. Rxa1 Rxb2 29. a4 Ra5 30. Bf1 Rb4 31. Rc1 Rbxa4 32. Rc7+ Kf8 33. Rc6 Rxd5 34. Bc4 Rc5 0-1

[Event "December 5 Early 2023"]
[Site "https://www.chess.com"]
[Date "2023.12.05"]
[Round "4"]
[White "Masague Artero, Guerau"]
[Black "De Arruda, Leandro Formes"]
[Result "0-1"]
[Board "163"]
[TimeControl "180+1"]
[WhiteFideId "32098952"]
[BlackFideId "22722009"]
[WhiteElo "2524"]
[BlackElo "2325"]
[WhiteTeam "ESP"]
[BlackTeam "BRA"]
[WhiteClock "0:00:06"]
[BlackClock "0:00:06"]

1. e4 e6 2. Nc3 d5 3. Nf3 dxe4 4. Nxe4 Nd7 5. d4 Ngf6 6. Nxf6+ Nxf6 7. g3 Be7 8. Bg2 O-O 9. O-O c5 10. Re1 Qb6 11. a4 a5 12. Be3 Rd8 13. dxc5 Qxb2 14. Bd4 Qb4 15. c3 Qc4 16. Ne5 Qa6 17. Qb3 Nd5 18. Bf1 Qa7 19. c6 b6 20. Rad1 Rb8 21. Bh3 Qc7 22. Qb5 Bf6 23. Bg2 Ne7 24. Bf3 Nd5 25. h4 h6 26. Kg2 Rd6 27. h5 Qa7 28. Qb3 Qc7 29. c4 Nb4 30. Qc3 Qd8 31. Be3 Qc7 32. c5 Rxd1 33. cxb6 Qxe5 34. Qxe5 Bxe5 35. Rxd1 Nd5 36. b7 Bxb7 37. cxb7 Rxb7 38. Bxd5 exd5 39. Rxd5 Bc3 40. g4 Re7 41. Kf3 Kh7 42. Rb5 Bb4 43. Rd5 Rc7 44. Bd4 Re7 45. Kg2 Rc7 46. Kf3 Rc2 47. Rb5 Ra2 48. Rb6 Rxa4 49. Be3 Bc3 50. Rb7 Kg8 51. Ra7 Ra2 52. Ra8+ Kh7 53. Ra7 f6 54. Ke4 a4 55. Kf5 Bd2 56. Bc5 Rc2 57. Bd4 Rc4 58. Bxf6 Rf4+ 59. Ke6 Rxf6+ 60. Ke5 Rxf2 61. Rxa4 Rg2 62. Re4 Bg5 63. Kf5 Bf6 64. Ke6 Rf2 65. Rc4 Re2+ 66. Kf5 Re7 67. Kf4 Rf7 68. Kg3 Bg5 69. Re4 Rd7 70. Re6 Re7 71. Rc6 Re3+ 72. Kf2 Rd3 73. Rc4 Kg8 74. Kg2 Kf7 75. Rc6 Re3 76. Rc5 Re6 77. Rf5+ Rf6 78. Rb5 Rf4 79. Kg3 Rd4 80. Rb7+ Kg8 81. Rb6 Rd8 82. Rb7 Re8 83. Rb6 Re7 84. Rc6 Kf7 85. Kf3 Rd7 86. Ra6 Rd3+ 87. Ke4 Re3+ 88. Kf5 Rf3+ 89. Ke5 Rg3 90. Ra7+ Be7 91. Kf5 Rf3+ 92. Ke4 Rg3 93. Kf4 Rg1 94. Rb7 Ke6 95. Kf3 Rf1+ 96. Kg2 Rd1 97. Kf3 Rd4 98. Rb6+ Bd6 99. Rb7 Rf4+ 100. Ke3 Rxg4 101. Rb5 Rg3+ 102. Kf2 Rg5 103. Rb7 Rxh5 104. Rxg7 Be5 105. Rg6+ Kf5 106. Ra6 Rg5 107. Ra5 h5 108. Ra7 h4 109. Rh7 Kg4 110. Rh8 h3 111. Ke3 h2 112. Ke4 Kg3 113. Rh6 Kg2 114. Rh4 h1=Q 115. Rxh1 Kxh1 116. Kf3 Bh2 117. Kf2 Rf5+ 118. Ke3 Kg2 119. Ke4 Rf3 120. Kd4 Kg3 121. Ke4 Kg4 122. Kd4 Kf4 123. Kd5 Re3 0-1

[Event "December 5 Early 2023"]
[Site "https://www.chess.com"]
[Date "2023.12.05"]
[Round "4"]
[White "Zivic, Dragan"]
[Black "Gutierrez Olivares, Daniel"]
[Result "1-0"]
[Board "164"]
[TimeControl "180+1"]
[WhiteFideId "904740"]
[BlackFideId "2264005"]
[WhiteElo "2321"]
[BlackElo "2521"]
[WhiteTeam "SRB"]
[BlackTeam "ESP"]
[WhiteClock "0:00:01"]
[BlackClock "0:00:00"]

1. c4 d6 2. Nc3 Nd7 3. d4 e5 4. Nf3 Ngf6 5. e4 Be7 6. Be2 O-O 7. O-O c6 8. Bg5 Qc7 9. Rc1 Re8 10. h3 h6 11. Be3 exd4 12. Nxd4 Bf8 13. f3 Ne5 14. Qd2 Bd7 15. f4 Ng6 16. Bd3 Rad8 17. Rce1 a6 18. a4 Bc8 19. b4 c5 20. Nb3 cxb4 21. Nd5 Nxd5 22. exd5 a5 23. Nd4 Bd7 24. Kh1 Be7 25. f5 Ne5 26. f6 Bxf6 27. Rxf6 gxf6 28. Bxh6 Nxd3 29. Rxe8+ Rxe8 30. Qxd3 Kh8 31. Qg3 Rg8 32. Qh4 Rg6 33. Ne2 Kg8 34. Nf4 Qxc4 35. Nxg6 Qxh4 36. Nxh4 Bxa4 37. Nf5 Bb3 38. Nxd6 Bxd5 39. Kg1 a4 40. Bd2 b3 41. Bc1 Kf8 42. Nb5 Ke7 43. Kf2 Ke6 44. h4 Kf5 45. g3 Kg4 46. Nc3 Bc6 47. Ke3 b5 48. Ba3 Kxg3 49. h5 f5 50. h6 f4+ 51. Kd2 1-0

[Event "December 5 Early 2023"]
[Site "https://www.chess.com"]
[Date "2023.12.05"]
[Round "4"]
[White "Gutkin, Ilya"]
[Black "Eynullayev, Atilla"]
[Result "0-1"]
[Board "165"]
[TimeControl "180+1"]
[WhiteFideId "16203470"]
[BlackFideId "13413570"]
[WhiteElo "2322"]
[BlackElo "2515"]
[WhiteTeam "GER"]
[BlackTeam "AZE"]
[WhiteClock "0:00:00"]
[BlackClock "0:00:21"]

1. e4 c5 2. Nf3 d6 3. Bb5+ Nd7 4. O-O a6 5. Be2 Ngf6 6. Re1 Rg8 7. Nc3 g5 8. d4 g4 9. Nh4 cxd4 10. Qxd4 Ne5 11. Bf4 Nc6 12. Qe3 Qa5 13. Bc4 Qh5 14. Nf5 e5 15. Bg3 Bxf5 16. exf5 Qxf5 17. Nd5 Nxd5 18. Bxd5 Be7 19. Qb6 Nd8 20. Be4 Qe6 21. Bxh7 Rh8 22. Be4 f5 23. Bxe5 Qxe5 24. Bxb7 Qxh2+ 25. Kf1 Rb8 26. Rxe7+ Kxe7 27. Qc7+ Kf6 28. Qxb8 Nxb7 29. Qc7 Qh1+ 30. Ke2 Re8+ 31. Kd2 Qxa1 32. Qxb7 Qe1+ 33. Kd3 Qe4+ 34. Kd2 Qxb7 0-1

[Event "December 5 Early 2023"]
[Site "https://www.chess.com"]
[Date "2023.12.05"]
[Round "4"]
[White "Yashmetov, Mikhail"]
[Black "Franchini, Gabriele"]
[Result "1-0"]
[Board "166"]
[TimeControl "180+1"]
[WhiteFideId "24198900"]
[BlackFideId "806790"]
[WhiteElo "2514"]
[BlackElo "2320"]
[WhiteTeam "RUS"]
[BlackTeam "ITA"]
[WhiteClock "0:00:11"]
[BlackClock "0:00:00"]

1. d4 d5 2. Nf3 Nf6 3. g3 Bf5 4. Bg2 c6 5. O-O h6 6. c4 Nbd7 7. Qb3 Qb6 8. c5 Qxb3 9. axb3 a6 10. Nc3 Ne4 11. b4 e6 12. Nd2 Nxd2 13. Bxd2 g5 14. Rfd1 Bg7 15. Be1 Nf6 16. f3 g4 17. b5 gxf3 18. exf3 cxb5 19. Nxb5 O-O 20. Nd6 Bg6 21. Nxb7 Rfb8 22. c6 Rc8 23. Na5 Ne8 24. Bf1 Nc7 25. Nb7 Bc2 26. Rd2 Bb3 27. Ra3 Bc4 28. Bxc4 dxc4 29. Nd6 Rd8 30. Nxc4 Bxd4+ 31. Kg2 Bf6 32. Rad3 Rxd3 33. Rxd3 Nd5 34. Rxd5 exd5 35. Nb6 Re8 36. c7 Bxb2 37. Nxd5 Rc8 38. Ne7+ Kf8 39. Nxc8 Be5 40. Ba5 1-0

[Event "December 5 Early 2023"]
[Site "https://www.chess.com"]
[Date "2023.12.05"]
[Round "4"]
[White "Khuslen, Erdenebayar"]
[Black "Rietze, Clemens, Dr."]
[Result "0-1"]
[Board "167"]
[TimeControl "180+1"]
[WhiteFideId "4910532"]
[BlackFideId "24620351"]
[WhiteElo "2315"]
[BlackElo "2514"]
[WhiteTeam "MGL"]
[BlackTeam "GER"]
[WhiteClock "0:00:00"]
[BlackClock "0:00:09"]

1. d4 d5 2. c4 e6 3. Nc3 Bb4 4. cxd5 exd5 5. Nf3 Nf6 6. Bg5 Qd6 7. e3 Ne4 8. Qc2 Nxg5 9. Nxg5 Qg6 10. Qxg6 hxg6 11. a3 Bxc3+ 12. bxc3 f6 13. Nf3 Be6 14. Bd3 Kf7 15. Kd2 Nd7 16. g3 g5 17. h4 g4 18. Ne1 Nb6 19. Ng2 Nc4+ 20. Ke2 Nd6 21. Nf4 c6 22. Bg6+ Ke7 23. Bd3 Rh6 24. a4 Bf5 25. a5 Bxd3+ 26. Kxd3 Ne4 27. Ra2 Kd6 28. c4 Rhh8 29. cxd5 cxd5 30. Rb1 Rab8 31. Rc2 Rhc8 32. Rbb2 g5 33. hxg5 fxg5 34. Ng6 Rxc2 35. Rxc2 b6 36. a6 Rg8 37. Ne5 Rf8 38. Nxg4 b5 39. f4 Nxg3 40. fxg5 Rg8 41. Ne5 Rxg5 42. Nf7+ Ke6 43. Nxg5+ Kf5 0-1

[Event "December 5 Early 2023"]
[Site "https://www.chess.com"]
[Date "2023.12.05"]
[Round "4"]
[White "Skibbe, Willi"]
[Black "Andreev, Konstantin"]
[Result "0-1"]
[Board "168"]
[TimeControl "180+1"]
[WhiteFideId "4682190"]
[BlackFideId "24239305"]
[WhiteElo "2313"]
[BlackElo "2509"]
[WhiteTeam "GER"]
[BlackTeam "ITA"]
[WhiteClock "0:00:07"]
[BlackClock "0:02:25"]

1. e4 c5 2. c3 d5 3. exd5 Qxd5 4. Nf3 Nf6 5. Na3 a6 6. Be2 e6 7. O-O Be7 8. Nc2 O-O 9. d4 Nc6 10. Be3 cxd4 11. Ncxd4 b5 12. Nxc6 Qxc6 13. Nd4 Qc7 14. a4 bxa4 15. Qxa4 Bb7 16. Nb3 Nd5 17. Na5 Nxe3 18. fxe3 Ra7 19. Nxb7 Qxb7 20. Rfb1 Qb6 21. Bxa6 Rfa8 22. Rd1 Rxa6 0-1

[Event "December 5 Early 2023"]
[Site "https://www.chess.com"]
[Date "2023.12.05"]
[Round "4"]
[White "Tharushi, T H D Niklesha"]
[Black "Yaniuk, Volodymyr"]
[Result "1-0"]
[Board "169"]
[TimeControl "180+1"]
[WhiteFideId "9918264"]
[BlackFideId "14133083"]
[WhiteElo "2312"]
[BlackElo "2507"]
[WhiteTeam "SRI"]
[BlackTeam "UKR"]
[WhiteClock "0:01:39"]
[BlackClock "0:00:51"]

1. e4 e5 2. Nf3 Nc6 3. Bc4 Bc5 4. c3 Nf6 5. d3 a6 6. O-O O-O 7. Bb3 Ba7 8. Bg5 h6 9. Bh4 g5 10. Nxg5 hxg5 11. Bxg5 d6 12. Kh1 Be6 13. f4 Bxb3 14. axb3 Be3 15. g3 Kg7 16. Qf3 exf4 17. gxf4 Bb6 18. e5 Nh7 19. Bxd8 Raxd8 20. d4 dxe5 21. fxe5 f6 22. Qg4+ Kh8 23. exf6 Nxf6 24. Qh4+ Nh7 25. Rxf8+ Rxf8 26. Nd2 Nd8 27. Ne4 Ne6 28. Rg1 c6 29. Qe7 1-0

[Event "December 5 Early 2023"]
[Site "https://www.chess.com"]
[Date "2023.12.05"]
[Round "4"]
[White "Shinkarev, M"]
[Black "Rose, Felix"]
[Result "1-0"]
[Board "170"]
[TimeControl "180+1"]
[WhiteFideId "4145348"]
[BlackFideId "5105722"]
[WhiteElo "2505"]
[BlackElo "2307"]
[WhiteTeam "RUS"]
[BlackTeam "MEX"]
[WhiteClock "0:01:18"]
[BlackClock "0:00:00"]

1. c4 e6 2. d4 d5 3. Nf3 Nf6 4. Bg5 Be7 5. e3 Nbd7 6. Nc3 h6 7. Bxf6 Nxf6 8. cxd5 exd5 9. Bd3 c6 10. O-O O-O 11. Rb1 a5 12. a3 Bd6 13. Ne5 Bxe5 14. dxe5 Ng4 15. h3 Nxe5 16. Bc2 Qf6 17. Ne2 Bf5 18. Ng3 Bxc2 19. Qxc2 g6 20. Rfd1 h5 21. e4 h4 22. Nf1 dxe4 23. Qxe4 Rfe8 24. Ne3 Kg7 25. Rd2 Re7 26. Rbd1 Rae8 27. Qd4 Rd7 28. Qb6 Red8 29. Qxa5 b6 30. Qc3 Rxd2 31. Rxd2 Rxd2 32. Qxd2 c5 33. Nd5 Qf5 34. f4 Qd3 35. Qxd3 Nxd3 36. Nxb6 Nxb2 37. a4 c4 38. Kf2 c3 39. Ke2 1-0

[Event "December 5 Early 2023"]
[Site "https://www.chess.com"]
[Date "2023.12.05"]
[Round "4"]
[White "Mejia, Cherry Ann"]
[Black "Rodriguez Fontecha, Marcos"]
[Result "0-1"]
[Board "171"]
[TimeControl "180+1"]
[WhiteFideId "5206880"]
[BlackFideId "2256576"]
[WhiteElo "2305"]
[BlackElo "2504"]
[WhiteTeam "PHI"]
[BlackTeam "ESP"]
[WhiteClock "0:00:01"]
[BlackClock "0:00:32"]

1. e4 e6 2. d4 d5 3. Nd2 c5 4. exd5 Qxd5 5. dxc5 Nf6 6. Ngf3 Bxc5 7. Bc4 Qh5 8. O-O O-O 9. Nb3 Bb6 10. Qe2 Bc7 11. h3 Nc6 12. Bg5 a6 13. a4 Nd7 14. a5 h6 15. Bd2 e5 16. Bc3 Re8 17. Nh2 Qxe2 18. Bxe2 Nf6 19. Bf3 e4 20. Be2 Nd5 21. Bd2 Nf4 22. Bc4 Be6 23. Bxe6 Nxe6 24. Bc3 Rad8 25. Rad1 f5 26. Rfe1 Nf4 27. Rxd8 Rxd8 28. Nf1 Nd5 29. Bd2 g5 30. g4 fxg4 31. hxg4 Nf6 32. Kg2 Ne5 33. Nc5 Nf3 34. Re2 Re8 35. Bc3 Nxg4 36. Nxe4 Nh4+ 37. Kh3 Rxe4 38. Rxe4 Nxf2# 0-1

[Event "December 5 Early 2023"]
[Site "https://www.chess.com"]
[Date "2023.12.05"]
[Round "4"]
[White "Barbot, Pierre"]
[Black "Davidson, Kevin"]
[Result "1/2-1/2"]
[Board "172"]
[TimeControl "180+1"]
[WhiteFideId "663727"]
[BlackFideId "2056810"]
[WhiteElo "2300"]
[BlackElo "2502"]
[WhiteTeam "FRA"]
[BlackTeam "USA"]
[WhiteClock "0:00:03"]
[BlackClock "0:00:03"]

1. e4 c5 2. Nc3 a6 3. g3 b5 4. Bg2 Bb7 5. d3 e6 6. f4 Nf6 7. Nf3 b4 8. Ne2 d5 9. e5 Nfd7 10. d4 Nc6 11. Be3 Qb6 12. O-O cxd4 13. Nexd4 Bc5 14. Qd2 O-O 15. Rad1 a5 16. Rfe1 Ba6 17. Qf2 Rac8 18. h4 Nxd4 19. Nxd4 f6 20. exf6 Nxf6 21. Nxe6 Bxe3 22. Qxe3 Qxe3+ 23. Rxe3 Rfe8 24. c3 bxc3 25. bxc3 Bc4 26. a3 Rb8 27. Bh3 Rb3 28. Rde1 Rxa3 29. Nc5 Rxe3 30. Rxe3 g6 31. Re7 Rxc3 32. Be6+ Kh8 33. Rf7 Ne4 34. g4 Nxc5 35. Rf8+ Kg7 36. Rf7+ Kh8 37. Rf8+ Kg7 38. Rf7+ Kh8 1/2-1/2

[Event "December 5 Early 2023"]
[Site "https://www.chess.com"]
[Date "2023.12.05"]
[Round "4"]
[White "Herman, Matthew"]
[Black "Antonio, Jorge Carlos"]
[Result "1-0"]
[Board "173"]
[TimeControl "180+1"]
[WhiteFideId "2028964"]
[BlackFideId "113190"]
[WhiteElo "2489"]
[BlackElo "2299"]
[WhiteTeam "USA"]
[BlackTeam "ARG"]
[WhiteClock "0:01:04"]
[BlackClock "0:00:32"]

1. e4 c5 2. Nf3 e6 3. d4 cxd4 4. Nxd4 a6 5. Bd3 Nc6 6. Nxc6 bxc6 7. Nd2 d5 8. O-O Nf6 9. Qe2 Be7 10. b3 O-O 11. Bb2 d4 12. f4 c5 13. Nc4 a5 14. a4 Ba6 15. Rae1 Bxc4 16. Bxc4 h5 17. Bc1 Ng4 18. e5 g6 19. h3 Nh6 20. g4 Bh4 21. f5 Bxe1 22. Qxe1 Nxf5 23. gxf5 exf5 24. Qg3 Kh7 25. Bg5 Qd7 26. Bf6 d3 27. Bxd3 Qd4+ 28. Kh2 h4 29. Bxh4 Rfe8 30. Bf6 c4 31. Rxf5 cxd3 32. Rh5+ 1-0